 Dungeon Crawl Stone Soup version 0.26.0-16-gc1dbca0489 (webtiles) character file.

Game seed: 244465524260112872

219 kaeus the Distorting Demonspawn (level 5, -2/42 HPs)
             Began as a Demonspawn Abyssal Knight on Jan 20, 2021.
             Was a Believer of Lugonu.
             Slain by a hobgoblin
             ... wielding a cursed -1 club
             ... led by Robin
              (9 damage)
             ... on level 2 of the Dungeon.
             The game lasted 00:04:04 (1469 turns).

kaeus the Distorting Demonspawn (DsAK)              Turns: 1469, Time: 00:04:04

Health: -2/42      AC:  5    Str: 13    XL:     5   Next: 63%
Magic:  8/8        EV: 12    Int: 14    God:    Lugonu [**....]
Gold:   122        SH:  0    Dex: 12    Spells: 4/4 levels left

rFire    . . .     SeeInvis .   l - +1 short sword (venom)
rCold    . . .     Faith    .   (no shield)
rNeg     . . .     Spirit   .   g - +0 leather armour (curse)
rPois    .         Reflect  .   (helmet restricted)
rElec    .         Harm     .   (no cloak)
rCorr    .         Rampage  .   (no gloves)
Will     .....                  (no boots)
Stlth    +.........             (no amulet)
HPRegen  0.14/turn              (no ring)
MPRegen  0.11/turn              (no ring)

@: no status effects
A: antennae 1, molten scales 1, powered by pain 1
a: Renounce Religion, Depart the Abyss, Bend Space


You were on level 2 of the Dungeon.
You worshipped Lugonu.
Lugonu was pleased with you.
You visited 1 branch of the dungeon, and saw 2 of its levels.
You visited the Abyss 1 time.

You collected 122 gold pieces.

Inventory:

Hand Weapons
 a - a +1 hand axe
 l - a +1 short sword of venom (weapon)
Armour
 b - a +0 leather armour
 g - a cursed +0 leather armour (worn)
Scrolls
 f - a scroll of noise {unknown}
 k - a scroll of fog {unknown}
Potions
 c - 2 potions of heal wounds {unknown}
 d - 2 potions of curing {unknown}
 e - a potion of degeneration {unknown}
 h - a potion of might {unknown}
 i - a potion of flight {unknown}


   Skills:
 + Level 4.0 Fighting
 + Level 0.3 Short Blades
 - Level 2.8 Axes
 + Level 2.8 Armour
 - Level 2.0 Dodging
 + Level 4.1 Invocations


You had 4 spell levels left.
You didn't know any spells.
Your spell library was empty.

Dungeon Overview and Level Annotations

Branches:
Dungeon (2/15)

Altars:

Annotations:
D:2 Robin


Innate Abilities, Weirdness & Mutations

You have a pair of small antennae on your head.
You are partially covered in molten scales. (AC +2)
You sometimes gain a little power by taking damage.


Message History

Robin roars a battlecry!
The goblins go into a battle-frenzy!
You hit the goblin but do no damage.
The goblin is poisoned.
The goblin hits you. x2
* * * LOW HITPOINT WARNING * * *
You barely miss the goblin.
The goblin is heavily wounded.
You kill the goblin!
Lugonu accepts your kill.
The goblin no longer looks unusually strong.
The goblin hits you but does no damage. The goblin closely misses you.
You hit the hobgoblin.
The hobgoblin is poisoned.
The hobgoblin is severely wounded.
The hobgoblin hits you with a cursed -1 club.
* * * LOW HITPOINT WARNING * * *
The goblin closely misses you.
You closely miss the hobgoblin.
The hobgoblin is almost dead.
The hobgoblin hits you with a cursed -1 club!
You die...

#.# #.# .#..... #.# .#.... ...
#.# .#.... ... # #.# #.# ... ....
.. #.# ..#...# ... ## !.#
#######.###.##.#.##.# .##.#
#........#..#..#.[..#######.#..#
#.......†.....##@g# #........#..
#.............##g#####.#...).....
#.....÷....##...gg{.gg.g.).†.##..
#........####.##.#g..g.g)††..!...
......<..# ##.##...#####†.....#..
#######..###..............l......
#.......(.#..................
#####.....###.#.(.............##.
....†.(...# #(#.............l....


You could see Robin, 3 hobgoblins and a goblin.

Vanquished Creatures
  A golden eye (Abyss:1)
  3 adders (D:2)
  A white imp (D:1)
  A worm (D:2)
  3 dart slugs
  A leopard gecko (D:1)
  2 giant cockroaches (D:2)
  11 goblins
  5 hobgoblins
  A quokka (D:2)
  9 bats
  A frilled lizard (D:1)
  9 kobolds
  8 rats
56 creatures vanquished.

Notes
Turn   | Place    | Note
-------+----------+-------------------------------------------
     0 | Abyss:1  | kaeus the Demonspawn Abyssal Knight began the quest for the
                  | Orb.
     0 | Abyss:1  | Reached XP level 1. HP: 18/18 MP: 2/2
     8 | Abyss:1  | Noticed a golden eye
    18 | Abyss:1  | Killed a golden eye
    19 | Abyss:1  | Gained mutation: You have a pair of small antennae on your
                  | head. [demonic ancestry]
    19 | Abyss:1  | Reached XP level 2. HP: 18/25 MP: 2/4
    19 | Abyss:1  | Gained mutation: You sometimes gain a little power by
                  | taking damage. [demonic ancestry]
    19 | Abyss:1  | Reached XP level 3. HP: 21/30 MP: 2/5
    19 | Abyss:1  | Gained mutation: You are partially covered in molten
                  | scales. (AC +2) [demonic ancestry]
    19 | Abyss:1  | Reached XP level 4. HP: 27/37 MP: 2/6
    22 | D:1      | Escaped the Abyss
   421 | D:1      | Reached XP level 5. HP: 37/42 MP: 7/7
  1313 | D:2      | Reached ** piety under Lugonu
  1434 | D:2      | Noticed Robin
  1469 | D:2      | Slain by a hobgoblin

Illustrated notes

Levels and vault maps discovered:
D:1:      dpeg_arrival_rooms_with_view, layout_loops_ring, supply_closet_lemuel
D:2:      layout_rooms, minivault_14, minmay_cupped, uniq_robin

Skill      XL: |  1  2  3  4  5 |
---------------+----------------+-----
Axes           | 2 |  2.8
Armour         | 2 |  2.8
Dodging        | 2 |  2.0
Invocations    | 3 4 |  4.1
Fighting       | 4 |  4.0
Short Blades   | |  0.3

Action                   |  1- 3 |  4- 6 || total
-------------------------+-------+-------++-------
Melee: Hand axe          |     4 |   131 ||   135
       Short sword       |       |    33 ||    33
  Use: Scroll            |       |     3 ||     3
 Stab: Sleeping          |       |     1 ||     1
Armor: Leather armour    |     2 |    68 ||    70
Dodge: Dodged            |     4 |   137 ||   141
